 Dungeon Crawl Stone Soup version 0.25.1-8-g42b30a86e7 (webtiles) character file.

Game seed: 17726684341067723306

261 Clowwww the Chopper (level 5, 0/41 HPs)
             Began as a Demonspawn Fighter on Dec 13, 2020.
             Slain by Grinder (4 damage)
             ... while paralysed by Grinder
             ... on level 4 of the Dungeon.
             The game lasted 00:05:18 (2265 turns).

Clowwww the Chopper (Demonspawn Fighter)            Turns: 2265, Time: 00:05:19

Health: 0/41       AC: 10    Str: 17    XL:     5   Next: 96%
Magic:  0/5        EV:  2    Int: 10    God:
Gold:   133        SH:  0    Dex: 12    Spells: 4/4 levels left

rFire    . . .     SeeInvis .   a - +0 war axe
rCold    . . .     Gourm    .   c - +0 kite shield
rNeg     . . .     Faith    .   b - +0 scale mail
rPois    .         Spirit   +   v - +1 hat
rElec    .         Reflect  .   (no cloak)
rCorr    .         Harm     .   m - +0 pair of gloves
MR       .....                  q - +0 pair of boots
Stlth    ..........             n - amulet of regeneration
HPRegen  0.53/turn              (no ring)
MPRegen  0.09/turn              (no ring)

@: paralysed
A: antennae 1, magic shield
a: no special abilities


You were on level 4 of the Dungeon.
You were not hungry.

You visited 1 branch of the dungeon, and saw 4 of its levels.

You collected 133 gold pieces.

Inventory:

Hand Weapons
 a - a +0 war axe (weapon)
Armour
 b - a +0 scale mail (worn)
 c - a +0 kite shield (worn)
 m - a +0 pair of gloves (worn)
 q - a +0 pair of boots (worn)
 v - a +1 hat (worn)
Jewellery
 n - an amulet of regeneration (around neck)
 u - an uncursed ring of stealth {unknown}
Scrolls
 g - 3 scrolls of remove curse {unknown}
 i - 6 scrolls of identify {unknown}
 j - a scroll of amnesia {unknown}
 l - a scroll of teleportation {unknown}
 r - a scroll of enchant weapon {unknown}
Potions
 d - 2 potions of might
 e - a potion of curing
 k - a potion of heal wounds {unknown}
 o - a potion of invisibility {unknown}
 p - 2 potions of stabbing {unknown}
 s - 2 potions of haste {unknown}
 t - 2 potions of berserk rage {unknown}
 w - a potion of ambrosia {unknown}
 x - a potion of lignification {unknown}
Comestibles
 f - 7 rations
 h - 8 chunks of flesh


   Skills:
 + Level 3.3 Fighting
 + Level 4.4 Axes
 + Level 3.3 Armour
 + Level 0.4 Dodging
 + Level 3.6 Shields


You had 4 spell levels left.
You didn't know any spells.
Your spell library was empty.

Dungeon Overview and Level Annotations

Branches:
Dungeon (4/15)
 Temple: D:4-7

Altars:

Annotations:
D:4 Grinder


Innate Abilities, Weirdness & Mutations

You have a pair of small antennae on your head.
When hurt, damage is shared between your health and your magic reserves.


Message History

Grinder says, "My boss said I was rubbish.
His entrails said otherwise."
Grinder barely misses you.
You closely miss Grinder.
Grinder is almost dead.
Grinder hits you.
You hit Grinder but do no damage.
Grinder is almost dead.
Grinder hits you.
You writhe in agony.
* * * LOW HITPOINT WARNING * * *
You closely miss Grinder.
Grinder is almost dead.
Grinder gestures at you.
You suddenly lose the ability to move!
Grinder barely misses you. Grinder gestures at you.
Pain shoots through your body!
* * * LOW HITPOINT WARNING * * *
Grinder hits you.
* * * LOW HITPOINT WARNING * * *
You writhe in agony.
You die...

#.###.#.#################...(....
#.#...#....................#####.
..#.#######.###++###.[....## #.
............#......#......# #.
###.#.###.#.#......#....#.# #. #
#.#...#.#.'...≈..'....#..# #. #
#.###.#.#.'..≈...'....##.# #.
###.......###..5...#....# .# #.
..#####.### #..$@..#....# .# #.
....# #.# ###''#####+## .# #.
#.#.# #.# #..# #. #.#.# #.# ##..
#. #.#.# #.# #.. #. #...# #.#
##.. ##### #.# .. #.# ...


You could see Grinder.

Vanquished Creatures
  A scorpion (D:4)
  A centaur skeleton (D:4)
  A worker ant (D:4)
  3 gnolls (D:4)
  7 adders
  3 oozes
  2 dart slugs
  A leopard gecko (D:3)
  6 orcs
  2 giant cockroaches
  2 goblins (D:1)
  3 hobgoblins
  4 jackals (D:3)
  6 kobolds
  A ball python (D:2)
  5 bats
  2 frilled lizards (D:2)
  4 rats
54 creatures vanquished.

Notes
Turn   | Place    | Note
-------+----------+-------------------------------------------
     0 | D:1      | Clowwww the Demonspawn Fighter began the quest for the Orb.
     0 | D:1      | Reached XP level 1. HP: 18/18 MP: 1/1
   388 | D:1      | Gained mutation: When hurt, damage is shared between your
                  | health and your magic reserves. [demonic ancestry]
   388 | D:1      | Reached XP level 2. HP: 22/24 MP: 2/2
   391 | D:1      | Reached skill level 2 in Axes
   873 | D:2      | Gained mutation: You have a pair of small antennae on your
                  | head. [demonic ancestry]
   873 | D:2      | Reached XP level 3. HP: 29/29 MP: 3/3
  1362 | D:3      | Reached XP level 4. HP: 35/35 MP: 2/4
  1990 | D:4      | Reached skill level 3 in Axes
  2040 | D:4      | Reached XP level 5. HP: 32/41 MP: 2/5
  2143 | D:4      | Reached skill level 4 in Axes
  2248 | D:4      | Noticed Grinder
  2251 | D:4      | Paralysed by Grinder for 5 turns
  2263 | D:4      | Paralysed by Grinder for 6 turns
  2265 | D:4      | Slain by Grinder

Illustrated notes

Levels and vault maps discovered:
D:1:      ebering_trefoil_3fold, layout_basic
D:2:      layout_rooms
D:3:      layout_basic, grunt_decor_mini_mirrors, minmay_misc_feat_tower
D:4:      layout_basic, led_sif_pool, corexii_leaking_fountain,
          kennysheep_generic_room_12, uniq_grinder

Skill      XL: |  1  2  3  4  5 |
---------------+----------------+-----
Armour         | 3 |  3.3
Axes           | 2 3 4 |  4.4
Shields        | 3 |  3.6
Fighting       | |  3.3
Dodging        | |  0.4

Action                   |  1- 3 |  4- 6 || total
-------------------------+-------+-------++-------
Melee: War axe           |   101 |   102 ||   203
  Use: Potion            |       |     1 ||     1
  Eat: Chunk             |     2 |     3 ||     5
Armor: Scale mail        |    54 |    52 ||   106
Dodge: Dodged            |    36 |    35 ||    71
Block: Kite shield       |    59 |    58 ||   117
